 Dungeon Crawl Stone Soup version 0.17-a0-2064-g265a032 (webtiles) character file.

9861 inmateoo the Zephyrmancer (level 11, 0/63 HPs)
             Began as a Tengu Air Elementalist on Oct 12, 2015.
             Was a Priest of Vehumet.
             Slain by Snorg (10 damage)
             ... on level 12 of the Dungeon.
             The game lasted 00:34:00 (14124 turns).

inmateoo the Zephyrmancer (Tengu Air Elementalist) Turns: 14124, Time: 00:34:01

Health: 0/63       AC:  9    Str: 10    XL:     11   Next: 53%
Magic:  1/22       EV: 15    Int: 18    God:    Vehumet [***...]
Gold:   438        SH:  0    Dex: 17    Spells: 7 memorised, 5 levels left

rFire  + + +     SeeInvis +     d - +7 long sword (distort)
rCold  . . .     Clarity  .     l - +3 salamander hide armour {+Rage rF++}
rNeg   . . .     SustAt   .     (no shield)
rPois  .         Gourm    .     N - +1 hat {SInv}
rElec  .         Spirit   .     (no cloak)
rCorr  .         Warding  .     j - +0 pair of gloves of Jiutiny {Regen+ Dex+3}
rMut   .         Stasis   .     (boots unavailable)
MR     .....                    (no amulet)
Stlth  +++.......               t - ring of wizardry
                                H - ring of protection from fire

@: repel missiles, not resistant to hostile enchantments, fairly stealthy
A: beak, talons 3, able to fly 1
a: Fly, Renounce Religion, Evoke Berserk Rage


You were on level 12 of the Dungeon.
You worshipped Vehumet.
Vehumet was most pleased with you.
You were very hungry.

You visited 2 branches of the dungeon, and saw 13 of its levels.

You collected 908 gold pieces.
You spent 470 gold pieces at shops.

Inventory:

Hand Weapons
 a - a +0 blowgun
 d - a +7 long sword of distortion (weapon)
Missiles
 n - 55 poisoned needles
 x - 4 needles of confusion
Armour
 j - the +0 pair of gloves of Jiutiny (worn) {Regen+ Dex+3}
   (You bought it in a shop on level 7 of the Dungeon)

   It affects your dexterity (+3).
   It increases your rate of regeneration.
 l - the +3 salamander hide armour (worn) {+Rage rF++}
   (You found it on level 4 of the Dungeon)

   It greatly protects you from fire.
   It lets you go berserk.
 N - a +1 hat of see invisible (worn)
Jewellery
 f - an uncursed ring of fire
 o - an uncursed ring of sustain attributes
 t - a ring of wizardry (right hand)
 H - a ring of protection from fire (left hand)
Wands
 w - a wand of magic darts (20)
 C - a wand of frost (28)
 G - a wand of fire (3)
Scrolls
 e - a scroll of recharging
 q - a scroll of fear
 r - a scroll of teleportation
 y - 4 scrolls of remove curse
 D - a scroll of fog
 F - a scroll of amnesia
Potions
 h - a potion of resistance {unknown}
 z - a potion of cancellation {unknown}
 B - a potion of agility {unknown}
 E - 2 potions of curing
 M - 2 potions of flight
Books
 b - a book of Air

   Spells                             Type                      Level
   a - Shock                          Conjuration/Air              1
   b - Swiftness                      Charms/Air                   2
   c - Repel Missiles                 Charms/Air                   2
   d - Static Discharge               Conjuration/Air              3
   e - Lightning Bolt                 Conjuration/Air              5
 s - a book of Clouds

   Spells                             Type                      Level
   a - Mephitic Cloud                 Conjuration/Poison/Air       3
   b - Conjure Flame                  Conjuration/Fire             3
   c - Poisonous Cloud                Conjuration/Poison/Air       6
   d - Freezing Cloud                 Conjuration/Ice/Air          6
   e - Ring of Flames                 Charms/Fire                  7
 I - a Young Poisoner's Handbook

   Spells                             Type                      Level
   a - Sting                          Conjuration/Poison           1
   b - Cure Poison                    Poison                       2
   c - Mephitic Cloud                 Conjuration/Poison/Air       3
   d - Olgreb's Toxic Radiance        Poison                       4
   e - Venom Bolt                     Conjuration/Poison           5
Miscellaneous
 p - a plain deck of defence
Comestibles
 c - 12 bread rations
 g - 6 beef jerkies
 i - 5 chunks of flesh
 k - 4 fruits
 m - 3 slices of pizza
 A - 2 meat rations


   Skills:
 + Level 5.0 Fighting
   Level 1.6(4.2) Short Blades
 + Level 6.1(6.2) Long Blades
 + Level 6.2 Armour
 + Level 5.3 Dodging
 - Level 4.0 Stealth
 * Level 6.9 Spellcasting
 + Level 10.7 Conjurations
 + Level 11.4 Air Magic


You had 5 spell levels left.
You knew the following spells:

 Your Spells              Type           Power        Failure   Level  Hunger
a - Shock                 Conj/Air       ####         1%          1    None
b - Repel Missiles        Chrm/Air       ####..       1%          2    None
c - Swiftness             Chrm/Air       ####....     1%          2    None
d - Static Discharge      Conj/Air       #####...     1%          3    ##.....
e - Conjure Flame         Conj/Fire      ####....     1%          3    ##.....
f - Lightning Bolt        Conj/Air       #####.....   1%          5    #####..
g - Searing Ray           Conj           #####.       1%          2    None


Dungeon Overview and Level Annotations

Branches:
Dungeon (12/15)            Temple (1/1) D:4            Lair (0/8) D:10
    Orc (0/4) D:11

Altars:
Ashenzari
Cheibriados
Dithmenos
Elyvilon
Fedhas
Gozag
Kikubaaqudgha
Makhleb
Nemelex Xobeh
Okawaru
Qazlal
Ru
Sif Muna
Trog
Vehumet
Xom
Yredelemnul
Zin
The Shining One

Shops:
D:4 *   D:5 *   D:7 [

Annotations:
D:12 Snorg


Innate Abilities, Weirdness & Mutations

You have a beak for a mouth.
You have claws for feet.
You can fly.


Message History

Confirm with . or Enter, or press ? or * to list all spells.
Aiming: Shock
Press: ? - help, Shift-Dir - straight line, f/p - Snorg
Aim: Snorg (severely wounded)
The zap hits Snorg.
Snorg is almost dead.
Unknown command.
Unknown command.
Snorg goes berserk!
You slash Snorg!
Space bends around Snorg.
Your kick misses Snorg.
Snorg is almost dead.
Snorg misses you. Snorg claws you! Snorg completely misses you.
Snorg bites you!! Snorg claws you!
* * * LOW HITPOINT WARNING * * *
Snorg closely misses you.
You are too injured to fight recklessly!
You closely miss Snorg. You claw Snorg. Your peck misses Snorg.
Snorg is almost dead.
Snorg bites you!
You die...

,,,,,,,,,,,,....#*****#........*,
**,*********#...# #........*, *,*
#...# #........*, #.# #...#
#........*, #.# #...# #........*,
#.# #...#######.....>..*,
#.##########..................**
#.............................,,
#.............)@T)............,,
#...........###'#####...#####.,*
##...........#.......###.#,,,*,,*
.............'.........#.#,,,*,**
.#######.....#.........#.#,,,*,*,
.# #.....#.........#.#,,,*,*, ##
#.....#.........#,**+**,*, #
#.....#.........#,,,,,,,*, #
#.....#.........#,,,,,,,*,


You could see Snorg (berserk).

Vanquished Creatures
  Gastronok (D:12)
  Erica (D:9)
  A two-headed ogre (D:12)
  A trapdoor spider zombie (D:10)
  A wraith (D:11)
  2 deep elf magi
  3 hippogriffs
  A human (D:8)
  2 hogs (D:8)
  Menkaure (D:7)
  A hungry ghost (D:11)
  2 wargs (D:10)
  5 orc warriors
  2 phantoms
  5 centaurs
  7 ogres
  An eye of draining (D:11)
  An ice beast (D:5)
  A big kobold (D:6)
  6 giant frogs
  Blork the orc (D:4)
  2 scorpions
  3 killer bees (D:8)
  9 wights
  3 hounds
  2 crimson imps (D:9)
  A quasit (D:6)
  2 giant frog skeletons
  Ijyb (D:2)
  16 orc priests
  5 iguanas
  4 worker ants
  11 orc wizards
  2 sheep (D:8)
  A worker ant zombie (D:11)
  10 gnolls
  12 adders
  3 shadow imps
  5 worms
  46 orcs
  6 giant cockroaches
  8 goblins
  4 hobgoblins
  7 jackals
  12 kobolds
  4 quokkas
  2 ball pythons
  4 bats
  7 giant geckos
  6 giant newts
  2 quokka zombies
  9 rats
  A fungus (D:3)
256 creatures vanquished.

Vanquished Creatures (others)
  A hill giant (D:10)
  A shadow (D:12)
  A warg (D:10)
  A hippogriff (D:12)
  A centaur (D:10)
  A jelly (D:8)
  2 hounds
  A quasit (D:8)
  A giant frog zombie (D:10)
  A gnoll shaman (D:6)
  An iguana (D:7)
  A worker ant (D:9)
  A gnoll (D:6)
  An adder (D:6)
15 creatures vanquished.

Grand Total: 271 creatures vanquished

Notes
Turn   | Place    | Note
--------------------------------------------------------------
     0 | D:1      | inmateoo the Tengu Air Elementalist began the quest for the Orb.
     0 | D:1      | Reached XP level 1. HP: 10/10 MP: 4/4
     2 | D:1      | Noticed a merfolk
     2 | D:1      | Noticed a demonspawn
     4 | D:1      | Noticed a formicid
     4 | D:1      | Noticed an elf
     6 | D:1      | Noticed a vampire
     8 | D:1      | Noticed a minotaur
     8 | D:1      | Noticed a tengu
    10 | D:1      | Noticed a draconian
    10 | D:1      | Noticed a demigod
    12 | D:1      | Noticed a ghoul
    15 | D:1      | Noticed a vine stalker
    15 | D:1      | Noticed a human
    17 | D:1      | Noticed an ogre
    17 | D:1      | Noticed a naga
    19 | D:1      | Noticed a centaur
    21 | D:1      | Noticed a dwarf
    23 | D:1      | Noticed a gargoyle
    23 | D:1      | Noticed an octopode
    25 | D:1      | Noticed a felid
    25 | D:1      | Noticed a spriggan
    27 | D:1      | Noticed a troll
   228 | D:1      | Reached XP level 2. HP: 13/15 MP: 0/6
   409 | D:1      | Learned a level 2 spell: Repel Missiles
   412 | D:1      | Learned a level 2 spell: Swiftness
   674 | D:1      | Reached XP level 3. HP: 19/19 MP: 5/7
   933 | D:2      | Reached skill level 5 in Air Magic
   955 | D:2      | Reached XP level 4. HP: 24/24 MP: 0/8
  1232 | D:2      | Noticed Ijyb
  1316 | D:2      | Killed Ijyb
  1493 | D:2      | Gained mutation: You can fly. [Tengu growth]
  1493 | D:2      | Reached XP level 5. HP: 28/28 MP: 2/9
  1689 | D:3      | Found an iron altar of Okawaru.
  1764 | D:3      | Learned a level 3 spell: Static Discharge
  2061 | D:3      | Found a stormy altar of Qazlal.
  2664 | D:4      | Found a sparkling altar of Nemelex Xobeh.
  2700 | D:4      | Noticed an ogre
  2719 | D:4      | Killed an ogre
  2719 | D:4      | Reached skill level 6 in Air Magic
  2719 | D:4      | Reached XP level 6. HP: 10/32 MP: 1/11
  3012 | D:4      | Found Ethan's Serpentskin Sales.
  3096 | D:4      | Bought a +0 blowgun for 30 gold pieces
  3166 | D:4      | Reached skill level 1 in Short Blades
  3265 | D:4      | Noticed Blork the orc
  3310 | D:5      | Entered Level 5 of the Dungeon
  3428 | D:5      | Found a sacrificial altar of Ru.
  3647 | D:5      | Found an ancient bone altar of Kikubaaqudgha.
  3651 | D:5      | Found a blossoming altar of Fedhas.
  3708 | D:5      | Reached XP level 7. HP: 22/36 MP: 12/12
  4054 | D:5      | Found Pigeish's Assorted Antiques.
  4062 | D:5      | Bought a murky purple potion for 31 gold pieces
  4062 | D:5      | Bought a murky sapphire potion for 31 gold pieces
  4081 | D:5      | Reached skill level 5 in Conjurations
  4694 | D:6      | Reached skill level 1 in Long Blades
  4722 | D:6      | Learned a level 3 spell: Conjure Flame
  4743 | D:6      | Reached skill level 1 in Armour
  4743 | D:6      | Reached skill level 7 in Air Magic
  4777 | D:6      | Found a white marble altar of Elyvilon.
  5215 | D:6      | Gained mutation: You have a pair of small horns on your head. [potion of mutation]
  5215 | D:6      | Gained mutation: You are dopey. (Int -2) [potion of mutation]
  5215 | D:6      | Gained mutation: You are clumsy. (Dex -2) [potion of mutation]
  5515 | D:7      | Reached XP level 8. HP: 37/42 MP: 4/13
  5688 | D:7      | Noticed Menkaure
  5694 | D:7      | Killed Menkaure
  5694 | D:7      | Reached skill level 1 in Fighting
  6005 | D:7      | Found a shadowy altar of Dithmenos.
  6035 | D:7      | Found Ylagasu's Antique Armour Boutique.
  6045 | D:7      | Bought an embroidered hat for 112 gold pieces
  6740 | D:4      | Found a snail-covered altar of Cheibriados.
  6754 | D:4      | Found a glowing golden altar of the Shining One.
  6787 | D:4      | Found a staircase to the Ecumenical Temple.
  6798 | Temple   | Entered the Ecumenical Temple
  6811 | Temple   | Became a worshipper of Vehumet
  7043 | D:4      | Killed Blork the orc
  7595 | D:8      | Reached skill level 8 in Air Magic
  8252 | D:8      | Reached XP level 9. HP: 29/48 MP: 5/16
  8285 | D:8      | Learned a level 5 spell: Lightning Bolt
  8416 | D:8      | Gained mutation: You can translocate small distances at will. [potion of mutation]
  8416 | D:8      | Gained mutation: You possess an exceptional clarity of mind. [potion of mutation]
  8416 | D:8      | Gained mutation: Your body sometimes deteriorates upon taking damage. [potion of mutation]
  8640 | D:8      | Reached skill level 9 in Air Magic
  9149 | D:8      | Identified a scroll of acquirement
  9167 | D:8      | Reached * piety under Vehumet
  9167 | D:8      | Offered knowledge of Sting by Vehumet.
  9884 | D:9      | Noticed Erica
  9892 | D:9      | Killed Erica
  9892 | D:9      | Reached skill level 10 in Air Magic
  9892 | D:9      | Reached XP level 10. HP: 16/56 MP: 2/18
 10278 | D:9      | Reached skill level 5 in Spellcasting
 10392 | D:7      | Bought a pair of faintly humming gloves for 266 gold pieces
 10397 | D:7      | Identified the +0 pair of gloves of Jiutiny {Regen+ Dex+3} (You bought it in a shop on level 7 of the Dungeon)
 10397 | D:7      | Lost mutation: You possess an exceptional clarity of mind. [potion of cure mutation]
 10397 | D:7      | Lost mutation: Your body sometimes deteriorates upon taking damage. [potion of cure mutation]
 10397 | D:7      | Lost mutation: You are dopey. (Int -2) [potion of cure mutation]
 10397 | D:7      | Lost mutation: You can translocate small distances at will. [potion of cure mutation]
 10397 | D:7      | Lost mutation: You have a pair of small horns on your head. [potion of cure mutation]
 10397 | D:7      | Lost mutation: You are clumsy. (Dex -2) [potion of cure mutation]
 10500 | D:9      | Found a sacrificial altar of Ru.
 10802 | D:9      | Found a bloodstained altar of Trog.
 11129 | D:10     | Entered Level 10 of the Dungeon
 11234 | D:10     | Reached skill level 5 in Armour
 11297 | D:10     | Offered knowledge of Searing Ray by Vehumet.
 11301 | D:10     | Learned a level 2 spell: Searing Ray
 11485 | D:10     | Reached skill level 5 in Long Blades
 11509 | D:10     | Noticed a hill giant
 11544 | D:10     | Reached ** piety under Vehumet
 11653 | D:10     | Found a staircase to the Lair.
 11713 | D:10     | Banished a hill giant
 12004 | D:10     | Reached skill level 10 in Conjurations
 12170 | D:10     | Reached skill level 11 in Air Magic
 12568 | D:11     | Reached XP level 11. HP: 61/61 MP: 21/21
 13194 | D:11     | Offered knowledge of Dazzling Spray by Vehumet.
 13209 | D:11     | Reached *** piety under Vehumet
 13298 | D:11     | Found a staircase to the Orcish Mines.
 13762 | D:12     | Noticed Gastronok
 13908 | D:12     | Killed Gastronok
 13908 | D:12     | Reached skill level 5 in Fighting
 13908 | D:12     | Reached skill level 5 in Dodging
 14039 | D:12     | Noticed Snorg
 14124 | D:12     | Slain by Snorg

Vault maps used:
D:1:      kb_arrival_jail
D:2:      uniq_iyjb
D:3:      grunt_qazlal_clouds, okawaru_gym_becter, st_stairs_10,
          minmay_gold_behind_fungi, serial_park_tiny_2, grunt_ministairs_15,
          minmay_misc_feat_enclosed, minmay_surrounded
D:4:      nemelex_deck, minitemple, minmay_temple_entry_purple_smoke,
          minmay_misc_feat_cross, guppyfry_shop_venom, uniq_blork_the_orc
D:5:      grunt_temple_overflow_growth_and_decay, first_bread, serial_shops,
          shop, nicolae_ru_path_of_blood
D:6:      elyvilon_altar_5
D:7:      nicolae_dithmenos_the_darkroom, serial_shops, nicolae_shop_trees,
          kennysheep_generic_room_11, uniq_menkaure
D:8:      grunt_livestock
D:9:      old_standard_altar, lemuel_crystal_altar, uniq_erica
D:10:     erik_lair_orcish_takeover
D:11:     hiddenorc1_lemuel, eino_small_chamber_without_monster
D:12:     hangedman_decor_slide_cut, uniq_gastronok, uniq_snorg
Temple:   temple_eino_lava_8

Action                   |  1- 3 |  4- 6 |  7- 9 | 10-12 || total
-------------------------+-------+-------+-------+-------++-------
Melee: Unarmed           |     6 |       |       |       ||     6
       Dagger            |       |   100 |       |       ||   100
       Long sword        |       |       |   207 |   203 ||   410
 Cast: Shock             |    53 |    76 |    60 |     5 ||   194
       Static Discharge  |       |     8 |     2 |       ||    10
       Repel Missiles    |       |     1 |     1 |     1 ||     3
       Swiftness         |       |     1 |       |       ||     1
       Conjure Flame     |       |       |     1 |       ||     1
       Lightning Bolt    |       |       |     9 |    37 ||    46
       Searing Ray       |       |       |       |     2 ||     2
  Use: Scroll            |     7 |     8 |    11 |     6 ||    32
       Potion            |       |     2 |     7 |     1 ||    10
 Stab: Sleeping          |       |     8 |     8 |     5 ||    21
       Distracted        |       |       |     2 |     1 ||     3
  Eat: Chunk             |       |     9 |    17 |    20 ||    46
       Fruit             |       |     1 |     2 |       ||     3
       Beef jerky        |       |     1 |       |       ||     1
       Pizza             |       |       |     4 |       ||     4
       Royal jelly       |       |       |       |     1 ||     1
